Map: Abyssal Reef LE

Players

Fropez

  • Race: Protoss Protoss
  • League: Platinum
  • Spawn Location: 5:00

THugs - Winner!

  • Race: Protoss Protoss
  • League: Gold
  • Spawn Location: 11:00

VOD

Have the link to the VOD?

Description

Time

  • Played on: Jan. 30, 2017, 5:48 p.m.
  • Length: 6:48
Show
View Real Time Build Order
Export as new Build Order

Fropez Protoss 

Build Orders: 1 Gate Expand, Colossus Rush 

Get SALT Encoding   

  12  0:01  Probe (Chrono Boost)  
  13  0:11  Probe (Chrono Boost)  
  14  0:18  Pylon  
  14  0:24  Probe (Chrono Boost)  
  15  0:39  Probe (Chrono Boost), Gateway  
  16  0:44  Assimilator  
  16  1:13  Nexus  
  16  1:15  Probe (Chrono Boost)  
  17  1:25  Probe (Chrono Boost)  
  18  1:29  Cybernetics Core  
  18  1:36  Probe (Chrono Boost)  
  18  1:38  Assimilator  
  19  1:47  Pylon  
  19  1:48  Probe (Chrono Boost)  
  20  2:01  Probe (Chrono Boost)  
  21  2:08  Warp Gate  
  21  2:12  Mothership Core (Chrono Boost)  
  23  2:35  Probe x2 (Chrono Boost)  
  25  2:39  Robotics Facility  
  25  2:46  Adept, Probe (Chrono Boost)  
  28  2:57  Probe (Chrono Boost)  
  29  2:59  Pylon  
  29  3:03  Twilight Council  
  29  3:05  Probe (Chrono Boost)  
  30  3:18  Gateway  
  31  3:21  Probe x2 (Chrono Boost)  
  31  3:22  Gateway  
  32  3:30  Resonating Glaives  
  32  3:32  Probe (Chrono Boost), Assimilator  
  32  3:33  Probe (Chrono Boost)  
  34  3:35  Observer  
  35  3:45  Probe (Chrono Boost)  
  36  3:50  Probe (Chrono Boost)  
  36  3:51  Assimilator  
  37  4:00  Probe (Chrono Boost)  
  36  4:13  Probe (Chrono Boost)  
  36  4:14  Adept, Probe (Chrono Boost)  
  36  4:15  Adept  
  42  4:18  Adept  
  44  4:26  Robotics Bay  
  44  4:28  Pylon  
  44  4:29  Observer, Probe x2 (Chrono Boost)  
  47  4:41  Adept x2, Probe x2 (Chrono Boost)  
  49  4:50  Adept  
  49  4:51  Adept x2  
  37  5:00  Pylon  
  37  5:01  Pylon  
  31  5:14  Adept x3  
  35  5:25  Colossus  
  41  5:39  Probe x2 (Chrono Boost)  
  41  5:55  Adept x3  
  41  6:03  Mothership Core (Chrono Boost)  
  38  6:20  Adept  
  36  6:28  Pylon x2  
Show
View Real Time Build Order
Export as new Build Order

THugs Protoss - Winner!

Build Orders: Mass Adepts 

Get SALT Encoding   

  12  0:04  Probe (Chrono Boost)  
  13  0:14  Probe (Chrono Boost)  
  14  0:22  Pylon  
  14  0:25  Probe (Chrono Boost)  
  15  0:41  Probe (Chrono Boost), Gateway  
  16  0:51  Probe (Chrono Boost)  
  17  0:59  Assimilator  
  17  1:02  Probe (Chrono Boost)  
  17  1:03  Assimilator  
  18  1:12  Probe (Chrono Boost)  
  19  1:23  Probe (Chrono Boost)  
  20  1:29  Cybernetics Core  
  20  1:33  Probe (Chrono Boost)  
  21  1:51  Warp Gate  
  22  1:54  Probe (Chrono Boost)  
  22  1:58  Gateway x2  
  22  2:06  Pylon, Probe (Chrono Boost)  
  23  2:20  Pylon  
  23  2:24  Adept  
  23  2:28  Mothership Core (Chrono Boost)  
  27  2:37  Twilight Council  
  27  2:53  Robotics Facility  
  27  3:01  Adept  
  27  3:02  Adept  
  30  3:08  Adept  
  32  3:15  Pylon  
  32  3:28  Adept  
  32  3:33  Adept  
  36  3:36  Adept  
  38  3:46  Immortal  
  42  4:02  Resonating Glaives  
  42  4:25  Immortal  
  42  4:46  Adept x3  
  40  5:13  Stalker x3  
  44  5:39  Nexus  
  44  5:41  Pylon  
  40  5:55  Adept x3  
  44  6:28  Adept  
  44  6:29  Adept x2  
  44  6:35  Probe (Chrono Boost)  
Tags
 
Composition
Mass Adepts
Matchup
PvP
Replay Pack
All Mines
Spawn Locations
Cross Positions
Add a new tag
Caveats
  • Supply blocks, unpowered buildings, or Contaminate may cause inaccurate times.
  • Supply counts are checked every 10 seconds.